 Dungeon Crawl Stone Soup version 0.28-a0-697-g47f3eba078 (webtiles) character file.

Game seed: 4089839382465461952

1353 tatocazan the Skirmisher (level 8, -1/63 HPs)
             Began as a Demonspawn Fighter on Oct 23, 2021.
             Succumbed to a gnoll sergeant's poison
             ... on level 5 of the Dungeon.
             The game lasted 00:08:24 (7261 turns).

tatocazan the Skirmisher (Demonspawn Fighter)       Turns: 7261, Time: 00:08:25

Health: -1/63      AC:  7    Str: 19    XL:     8   Next: 37%
Magic:  8/8        EV: 14    Int:  9    God:
Gold:   114        SH:  5    Dex: 15    Spells: 7/7 levels left

rFire   . . .      SeeInvis .   n - +0 trident (freeze)
rCold   . . .      Faith    .   c - +0 buckler
rNeg    . . .      Spirit   .   b - +0 scale mail
rPois   .          Reflect  .   (no helmet)
rElec   .          Harm     .   (no cloak)
rCorr   .          Rampage  .   (no gloves)
Will    .....                   (no boots)
Stlth   +.........              (no amulet)
HPRegen 0.20/turn               (no ring)
MPRegen 0.11/turn               (no ring)

@: agile, lethally poisoned (-1 -> -29), hasted, very quick
A: thin skeletal structure 1, foul stench 2, powered by pain 1
a: no special abilities


You were on level 5 of the Dungeon.
You visited 1 branch of the dungeon, and saw 5 of its levels.
You also visited: Sewer.

You collected 114 gold pieces.

Inventory:

Hand Weapons
 a - a +0 war axe
 n - a +0 trident of freezing (weapon)
Armour
 b - a +0 scale mail (worn)
 c - a +0 buckler (worn)
Jewellery
 h - a ring of wizardry
 k - a ring of wizardry
 r - a ring of positive energy
 y - the ring "Migh" {rPois rC- Will+ Dex+6}
   (You took it off an orc on level 5 of the Dungeon)

   [ring of poison resistance]

   Dex:       It affects your dexterity (+6).
   rC:        It makes you vulnerable to cold.
   rPois:     It protects you from poison.
   Will:      It increases your willpower.
Wands
 q - a wand of acid (4)
 w - a wand of digging (5)
 x - a wand of paralysis (8)
 z - a wand of iceblast (9)
Scrolls
 e - 2 scrolls of enchant armour {unknown}
 f - a scroll of amnesia {unknown}
 g - a scroll of brand weapon {unknown}
 i - 5 scrolls of teleportation {unknown}
 j - 5 scrolls of identify {unknown}
 l - a scroll of fear {unknown}
 p - 3 scrolls of immolation {unknown}
 s - a scroll of vulnerability {unknown}
 v - a scroll of acquirement {unknown}
Potions
 d - a potion of might
 m - 2 potions of haste
 o - a potion of curing {unknown}
 t - 4 potions of flight


   Skills:
 + Level 5.5 Fighting
 - Level 2.8(4.3) Axes
 * Level 5.0(5.3) Polearms
 + Level 5.1 Armour
 + Level 5.0 Shields


You had 7 spell levels left.
You didn't know any spells.
Your spell library contained the following spells:

 Spells                   Type           Power      Damage    Failure   Level
 Sandblast                Erth           0%         2d4       75%         1
 Passwall                 Tmut/Erth      0%         N/A       86%         2
 Frozen Ramparts          Ice            0%         1d2       98%         3
 Stone Arrow              Conj/Erth      0%         3d7       98%         3
 Ice Form                 Ice/Tmut       0%         N/A       100%        4
 Summon Ice Beast         Ice/Summ       0%         N/A       100%        4


Dungeon Overview and Level Annotations

Branches:
Dungeon (5/15)              Sewer (visited)
 Temple: D:4-7

Altars:

Annotations:
D:2 1 runed translucent door, Crazy Yiuf


Innate Abilities, Weirdness & Mutations

You have a somewhat thin skeletal structure. (Dex +2, Stealth+)
You sometimes emit foul miasma when damaged in melee.
You sometimes gain a little power by taking damage.


Message History

Press: ? - help, Dir - move target, f/p - gnoll sergeant
Aim: a gnoll sergeant, wielding a +2 spear of venom and wearing a +0 ring mail (almost dead, about 31% to evade your +0 trident of freezing)
You reach to attack!
You hit the gnoll sergeant but do no damage.
The gnoll sergeant is almost dead.
* * * LOW HITPOINT WARNING * * *
You feel very sick.
The gnoll sergeant hits you from afar with a +2 spear of venom!
* * * LOW HITPOINT WARNING * * *
You focus on the pain.
You feel agile all of a sudden.
You are more poisoned.
You take 14 damage, and have 10/63 hp.
MASSIVE DAMAGE!!
You feel much better.
You feel extremely sick. The gnoll sergeant misses you.
You regained 14 hp, and now have 24/63 hp.
Reach: n) +0 trident (freeze)
Press: ? - help, Dir - move target, f/p - gnoll sergeant
Aim: a gnoll sergeant, wielding a +2 spear of venom and wearing a +0 ring mail (almost dead, about 31% to evade your +0 trident of freezing)
You reach to attack!
You closely miss the gnoll sergeant.
The gnoll sergeant is almost dead.
* * * LOW HITPOINT WARNING * * *
You feel extremely sick.
The gnoll sergeant hits you from afar with a +2 spear of venom.
* * * LOW HITPOINT WARNING * * *
You are more poisoned.
You take 11 damage, and have 13/63 hp.
Reach: n) +0 trident (freeze)
Press: ? - help, Dir - move target, f/p - gnoll sergeant
Aim: a gnoll sergeant, wielding a +2 spear of venom and wearing a +0 ring mail (almost dead, about 31% to evade your +0 trident of freezing)
You reach to attack!
You hit the gnoll sergeant but do no damage.
The gnoll sergeant is almost dead.
* * * LOW HITPOINT WARNING * * *
You feel extremely sick. The gnoll sergeant closely misses you.
You take 8 damage, and have 5/63 hp.
It was a potion of haste.
You feel yourself speed up.
You die...

#.....#.........### #.......
##.##.##...........# ######..
##..##.####.##...#..######...<
####..###.#
#(##≈≈≈≈≈≈≈≈≈.....#.
P..#.###..#
#.##≈##≈≈≈##≈####.## ≈P...#
#.## #.##≈#######≈##...#
≈≈≈#.###.#
#.##≈≈#...#≈≈.....##
.≈≈..##..#
#.#.)ggg.?#≈≈......#
≈≈≈..##.## #.#@≈≈# #≈≈.###..#
≈≈≈..##.# #...≈## ##≈## ##..
≈≈≈..#..# ####≈# ≈##≈######.
≈≈....<## ≈≈≈ ≈≈≈≈....###
.≈≈...## #### #######>...
≈≈≈P.## ##### ≈≈.### ....#
#####


You could see a gnoll sergeant and 2 gnolls.

Vanquished Creatures
  Pikel (D:4)
  Edmund (D:4)
  A water moccasin (D:5)
  A lemure (D:4)
  A kobold brigand (Sewer)
  Blork the orc (D:4)
  A water moccasin skeleton (D:4)
  A centaur zombie (D:5)
  2 bullfrog skeletons
  A centaur skeleton (D:5)
  An orc priest (D:3)
  2 orc wizards
  Ijyb (D:5)
  2 iguanas (D:5)
  A hound skeleton (D:5)
  Robin (D:4)
  3 adders
  A gnoll (D:5)
  A river rat (Sewer)
  A white imp (D:5)
  An ufetubus (D:4)
  2 adder skeletons (D:4)
  5 worms
  4 dart slugs
  10 orcs
  4 ball pythons
  8 endoplasms
  3 giant cockroaches
  18 goblins
  9 hobgoblins
  5 jackals
  A quokka (D:3)
  8 bats
  2 frilled lizards
  10 kobolds
  A quokka skeleton (D:4)
  12 rats
128 creatures vanquished.

Vanquished Creatures (others)
  14 plants (D:5)
14 creatures vanquished.

Grand Total: 142 creatures vanquished

Notes
Turn   | Place    | Note
-------+----------+-------------------------------------------
     0 | D:1      | tatocazan the Demonspawn Fighter began the quest for the
                  | Orb.
     0 | D:1      | Reached XP level 1. HP: 18/18 MP: 1/1
   124 | D:1      | Gained mutation: You sometimes gain a little power by
                  | taking damage. [demonic ancestry]
   124 | D:1      | Reached XP level 2. HP: 13/24 MP: 2/2
   590 | D:1      | Found a faded altar of an unknown god.
   943 | D:1      | Gained mutation: You have a somewhat thin skeletal
                  | structure. (Dex +2, Stealth+) [demonic ancestry]
   943 | D:1      | Reached XP level 3. HP: 29/29 MP: 3/3
  1869 | D:2      | Reached XP level 4. HP: 17/35 MP: 4/4
  2430 | D:2      | Found a runed translucent door.
  2431 | D:2      | Noticed Crazy Yiuf
  3450 | D:3      | Gained mutation: You may rarely emit foul miasma when
                  | damaged in melee. [demonic ancestry]
  3450 | D:3      | Reached XP level 5. HP: 11/42 MP: 5/5
  4144 | D:4      | Noticed Robin
  4542 | D:4      | Reached skill level 1 in Polearms
  4575 | D:4      | Found a glowing drain.
  4575 | D:4      | Noticed Edmund
  4581 | D:4      | Killed Edmund
  4582 | D:4      | Gained mutation: You sometimes emit foul miasma when
                  | damaged in melee. [demonic ancestry]
  4582 | D:4      | Reached XP level 6. HP: 48/48 MP: 6/6
  4590 | Sewer    | Entered a sewer
  5557 | D:4      | Killed Robin
  5680 | D:4      | Noticed Pikel
  5693 | D:4      | Killed Pikel
  5694 | D:4      | Reached skill level 5 in Fighting
  5694 | D:4      | Reached XP level 7. HP: 25/56 MP: 7/7
  6096 | D:4      | Identified the +6 hunting sling "Keckaseva" {freeze, Fly
                  | Str-4 Int+2 Dex+4}
  6179 | D:4      | Noticed Blork the orc
  6184 | D:4      | Killed Blork the orc
  6185 | D:4      | Reached XP level 8. HP: 50/62 MP: 8/8
  6315 | D:5      | Entered Level 5 of the Dungeon
  6488 | D:5      | Noticed Ijyb
  6492 | D:5      | Killed Ijyb
  6967 | D:5      | Identified the ring "Migh" {rPois rC- Will+ Dex+6}
  6975 | D:5      | Reached skill level 5 in Armour
  6994 | D:5      | Reached skill level 5 in Shields
  7251 | D:5      | Reached skill level 5 in Polearms
  7261 | D:5      | Succumbed to a gnoll sergeant's poison

Illustrated notes

Levels and vault maps discovered:
D:1:      scummos_arrival_star, layout_loops_ring,
          chequers_ecumenical_altar_grove, corexii_leaking_fountain
D:2:      minmay_general_purpose_star, layout_basic, roderic_nine_men_s_morris,
          uniq_crazy_yiuf_cottage
D:3:      layout_basic
D:4:      layout_rooms, cheibrodos_sewer_entry_drain,
          minmay_a_box_with_orc_wizards_in_it, uniq_edmund, uniq_robin,
          uniq_pikel, uniq_blork_the_orc
D:5:      layout_rooms, minivault_23, serial_bayou_pond_b, chequers_big_river,
          nrook_pool_corridor, lightli_minifort, uniq_ijyb

Skill      XL: |  1  2  3  4  5  6  7  8 |
---------------+-------------------------+-----
Axes           | 2 |  2.8
Armour         | 3 4 5 |  5.1
Shields        | 3 4 5 |  5.0
Fighting       | 4 5 |  5.5
Polearms       | 2 4 5 |  5.0

Action                   |  1- 3 |  4- 6 |  7- 9 || total
-------------------------+-------+-------+-------++-------
Melee: War axe           |   158 |    71 |       ||   229
       Trident           |       |   125 |    98 ||   223
Evoke: Wand              |       |     5 |       ||     5
  Use: Potion            |       |     1 |     2 ||     3
 Stab: Sleeping          |       |     1 |       ||     1
Armor: Scale mail        |    79 |   110 |    40 ||   229
Dodge: Dodged            |    79 |    98 |    44 ||   221
Block: Buckler           |    39 |    57 |    33 ||   129

Table legend: (Time is in decaauts)
 A = Elapsed time spent in this place.
 B = Non-inter-level travel time spent in this place.
 C = Inter-level travel time spent in this place.
 D = Time resting spent in this place.
 E = Time spent auto-exploring this place.
 F = Levels seen in this place.
 G = Mean time per level.
                   A        B        C        D        E       F      G
               +--------+--------+--------+--------+--------+-----+--------+
         Total |   7423 |   7218 |    205 |   2344 |   3780 |   6 | 1237.2 |
       Dungeon |   6895 |   6690 |    205 |   2014 |   3648 |   5 | 1379.0 |
         Sewer |    527 |    527 |      0 |    330 |    131 |   1 |  527.0 |
               +--------+--------+--------+--------+--------+-----+--------+

Top non-repeatable levels by time:
     D:3: 2220 daAuts
     D:2: 1389 daAuts
     D:4: 1185 daAuts
     D:1: 1155 daAuts
     D:5: 944 daAuts
   Sewer: 527 daAuts
